 Dungeon Crawl Stone Soup version 0.21-a0-348-ga060c75 (webtiles) character file.

299 vishdafish the Poker (level 6, -2/47 HPs)
             Began as a Demonspawn Skald on Oct 6, 2017.
             Slain by an ogre
             ... wielding a +0 giant spiked club
              (5 damage)
             ... on level 4 of the Dungeon.
             The game lasted 00:07:40 (4758 turns).

vishdafish the Poker (Demonspawn Skald)             Turns: 4758, Time: 00:07:41

Health: -2/47      AC: 11    Str: 11    XL:     6   Next: 13%
Magic:  6/10       EV: 13    Int: 17    God:
Gold:   213        SH:  0    Dex: 12    Spells: 9/10 levels left

rFire    . . .     SeeInvis .   a - +0 spear
rCold    . . .     Gourm    .   (no shield)
rNeg     . . .     Faith    .   m - -2 robe (curse)
rPois    .         Spirit   .   k - +1 helmet
rElec    .         Reflect  .   (no cloak)
rCorr    .         Harm     .   (no gloves)
MR       .....                  (no boots)
Stlth    +.........             (no amulet)
HPRegen  0.15/turn              (no ring)
MPRegen  0.12/turn              (no ring)

@: lethally poisoned (-2 -> -5), infused, sanguine armour
A: talons 1, foul stench 1, rot immunity, sanguine armour 2
a: no special abilities


You were on level 4 of the Dungeon.
You were near starving.

You visited 1 branch of the dungeon, and saw 4 of its levels.

You collected 213 gold pieces.

Inventory:

Hand Weapons
 a - a +0 spear (weapon)
Armour
 b - a +0 leather armour
 j - a +0 helmet
 k - a +1 helmet (worn)
 m - a cursed -2 robe (worn)
Scrolls
 e - 4 scrolls of identify
 l - a scroll of amnesia
 n - a scroll of teleportation {unknown}
Potions
 f - a potion of berserk rage
 g - a potion of lignification
 h - a potion of curing
 i - a potion of magic
Books
 c - a book of Battle

   Spells                             Type                      Level
   a - Infusion                       Charms                       1
   b - Shroud of Golubria             Charms/Translocation         2
   c - Song of Slaying                Charms                       2
   d - Spectral Weapon                Hexes/Charms                 3
   e - Regeneration                   Charms/Necromancy            3
Comestibles
 d - 2 bread rations


   Skills:
 + Level 3.0 Fighting
 * Level 3.5 Polearms
 - Level 1.1 Armour
 - Level 3.3 Dodging
 - Level 0.2 Stealth
 + Level 2.8 Spellcasting
 - Level 3.2 Charms


You had 9 spell levels left.
You knew the following spells:

 Your Spells              Type           Power        Failure   Level  Hunger
a - Infusion              Chrm           ##..         4%          1    #......


Dungeon Overview and Level Annotations

Branches:
Dungeon (4/15)
 Temple: D:4-7

Altars:
Wu Jian


Innate Abilities, Weirdness & Mutations

You have sharp toenails.
You may emit foul miasma when damaged in melee.
You are immune to rotting.
When seriously injured, your bleeding wounds create thick armour. (AC +9)


Message History

You hit the ogre. You claw the ogre.
The ogre is moderately wounded.
The ogre hits you with a giant spiked club!
* * * LOW HITPOINT WARNING * * *
The ogre looks sick.
You barely miss the ogre. You claw the ogre, but do no damage.
The ogre is moderately wounded.
* * * LOW HITPOINT WARNING * * *
You feel sick. The ogre closely misses you.
You barely miss the ogre. You claw the ogre, but do no damage.
The ogre is moderately wounded.
You hit the ogre. You claw the ogre, but do no damage.
The ogre is heavily wounded.
The ogre misses you.
You hit the ogre. You claw the ogre.
The ogre is severely wounded.
* * * LOW HITPOINT WARNING * * *
You feel sick.
The ogre hits you with a giant spiked club.
You die...

##....##
#..†###
########..##
#<........#
#.####....#
# ##...# .#
#...# #.#
#...#####O#
#....##.@#
##......##
##....##
##.### ###


You could see an ogre.

Vanquished Creatures
  A scorpion (D:4)
  2 orc wizards
  Robin (D:2)
  7 adders
  4 worms
  3 dart slugs
  3 leopard geckos
  4 orcs
  3 ball pythons
  4 giant cockroaches
  20 hobgoblins
  6 jackals
  6 bats
  5 frilled lizards
  16 goblins
  6 kobolds
  5 rats
96 creatures vanquished.

Vanquished Creatures (others)
  4 plants (D:4)
4 creatures vanquished.

Grand Total: 100 creatures vanquished

Notes
Turn   | Place    | Note
-------+----------+-------------------------------------------
     0 | D:1      | vishdafish the Demonspawn Skald began the quest for the Orb.
     0 | D:1      | Reached XP level 1. HP: 16/16 MP: 3/3
   149 | D:1      | Gained mutation: You are immune to rotting. [demonic ancestry]
   149 | D:1      | Reached XP level 2. HP: 17/22 MP: 3/5
   737 | D:1      | Reached skill level 1 in Armour
   879 | D:1      | Gained mutation: You may emit foul miasma when damaged in melee. [demonic ancestry]
   879 | D:1      | Reached XP level 3. HP: 27/27 MP: 2/6
  1800 | D:2      | Gained mutation: When seriously injured, your bleeding wounds create armour. (AC +9) [demonic ancestry]
  1800 | D:2      | Reached XP level 4. HP: 30/33 MP: 3/7
  2030 | D:2      | Noticed Robin
  2388 | D:2      | Killed Robin
  2748 | D:3      | Gained mutation: You have sharp toenails. [demonic ancestry]
  2748 | D:3      | Reached XP level 5. HP: 30/39 MP: 8/8
  3841 | D:2      | HP: 2/40 [poisoned by a kobold]
  3849 | D:2      | HP: 1/40 [poisoned by a kobold]
  4465 | D:3      | Found an ornate altar of the Wu Jian Council.
  4740 | D:4      | Gained mutation: When seriously injured, your bleeding wounds create thick armour. (AC +9) [demonic ancestry]
  4740 | D:4      | Reached XP level 6. HP: 28/47 MP: 8/10
  4758 | D:4      | Slain by an ogre

Vault maps used:
D:1:      dpeg_arrival_arbitrary_c, corexii_item_surrounded_by_moat
D:2:      kennysheep_big_flooded_room, first_bread, uniq_robin
D:3:      lemuel_coloured_pillars_altar, palyth_stone_intersect,
          minmay_box_of_dots
D:4:      minmay_temple_entry_overgrown

Skill      XL: |  1  2  3  4  5 |
---------------+----------------+-----
Charms         | 3 |  3.2
Dodging        | 2 3 |  3.3
Polearms       | 2 3 |  3.5
Armour         | 1 |  1.1
Fighting       | 3 |  3.0
Stealth        | |  0.2
Spellcasting   | |  2.8

Action                   |  1- 3 |  4- 6 || total
-------------------------+-------+-------++-------
Melee: Spear             |   114 |   245 ||   359
       Kick              |       |    26 ||    26
 Cast: Infusion          |    17 |    20 ||    37
  Use: Potion            |     1 |       ||     1
       Scroll            |       |     4 ||     4
 Stab: Sleeping          |     1 |       ||     1
  Eat: Chunk             |     3 |     4 ||     7
       Bread ration      |       |     1 ||     1
Armor: Leather armour    |    17 |    62 ||    79
       Skin              |     2 |       ||     2
Dodge: Dodged            |    61 |   190 ||   251

Table legend:
 A = Spawn XP
 B = Non-spawn XP
 C = Spawn XP percentage of total XP
 D = Spawn monster count
 E = Non-spawn monster count
 F = Spawn count percentage of total count
 G = Total turns spent on level
                    A         B        C        D         E        F      G
               +---------+---------+-------+---------+---------+-------+---------
         Total |       0 |     428 |   0.0 |       0 |      96 |   0.0 |  4758
               +---------+---------+-------+---------+---------+-------+---------
           D:1 |       0 |      82 |   0.0 |       0 |      41 |   0.0 |  1641
           D:2 |       0 |     130 |   0.0 |       0 |      27 |   0.0 |  1923
           D:3 |       0 |     136 |   0.0 |       0 |      25 |   0.0 |   976
           D:4 |       0 |      80 |   0.0 |       0 |       3 |   0.0 |   218
               +---------+---------+-------+---------+---------+-------+---------
